[ AOE2 MATCH · #505216527 ]
UnrankedSicilians vs Wei
Player's team · LOSS
Rival team · WIN
[ REPLAY ANALYSIS · EXTRACTED FROM THE RECORDED GAME ]
Feudal
8:54
Castle
19:43
Imperial
39:14
| APM avg | 79.4 |
| APM peak | 133 |
| eAPM avg | 53.1 |
| Villagers / military | 325 / 461 |
Focus
⚔️ 53.7% · 🌾 46.3%
Spearman ×170 · Knight ×103 · Skirmisher ×82 · Serjeant ×44 · Scout Cavalry ×31 · Monk ×12
Feudal
9:19
Castle
18:48
Imperial
39:28
| APM avg | 74.7 |
| APM peak | 104 |
| eAPM avg | 44.1 |
| Villagers / military | 221 / 372 |
Focus
⚔️ 61.7% · 🌾 38.3%
Scout Cavalry ×345 · Unknown (1952) ×123 · Unknown (1944) ×107 · Unknown (1949) ×19 · Skirmisher ×13 · Unknown (1942) ×13
Match map
Initial resources + every placement click. Lines = walls · curves = elevation contours. ◆ gold · ⬟ stone · ● berries · ✦ relic · ◌ wall gap
Your base· Open — 7t gap
TAG_Sitaux's base· Open — 4t gap
Smoothed initial terrain · ◌ = detected wall gap · hover for details
Inputs per minute
— Oni.TheViper - - TAG_Sitaux
Build order — Oni.TheViper
First 150 of 1176 actions detected
| 0:00 | Create | Villager (Male) |
| 0:00 | Create | Villager (Male) |
| 0:02 | Build | House |
| 0:02 | Build | House |
| 0:04 | Build | House |
| 0:06 | Build | House |
| 0:08 | Create | Villager (Male) |
| 0:09 | Create | Villager (Male) |
| 1:26 | Create | Villager (Male) |
| 1:42 | Create | Villager (Male) |
| 2:26 | Create | Villager (Male) |
| 2:59 | Create | Villager (Male) |
| 2:59 | Create | Villager (Male) |
| 3:13 | Build | Lumber Camp |
| 3:17 | Create | Villager (Male) |
| 3:30 | Build | House |
| 3:51 | Create | Villager (Male) |
| 3:53 | Create | Villager (Male) |
| 4:17 | Create | Villager (Male) |
| 4:26 | Create | Villager (Male) |
| 4:39 | Create | Villager (Male) |
| 5:02 | Create | Villager (Male) |
| 5:18 | Create | Villager (Male) |
| 5:20 | Build | Mill |
| 5:38 | Create | Villager (Male) |
| 6:18 | Create | Villager (Male) |
| 6:42 | Research | Feudal Age |
| 6:43 | Research | Loom |
| 7:03 | Build | Donjon |
| 7:43 | Build | Mining Camp |
| 7:55 | Build | House |
| 7:58 | Build | House |
| 8:09 | Create | Villager (Male) |
| 8:34 | Create | Villager (Male) |
| 8:54 | Age | Feudal Age |
| 9:01 | Build | Archery Range |
| 9:03 | Build | House |
| 9:07 | Research | Double-Bit Axe |
| 9:09 | Create | Villager (Male) |
| 9:19 | Research | Horse Collar |
| 9:22 | Create | Villager (Male) |
| 9:38 | Create | Serjeant |
| 9:42 | Create | Villager (Male) |
| 9:54 | Build | Farm |
| 10:16 | Create | Skirmisher |
| 10:21 | Build | Mill |
| 10:25 | Build | House |
| 10:39 | Create | Villager (Male) |
| 10:42 | Create | Archer |
| 10:43 | Create | Villager (Male) |
| 10:44 | Create | Skirmisher |
| 10:52 | Build | Farm |
| 10:56 | Create | Villager (Male) |
| 11:03 | Build | House |
| 11:08 | Create | Villager (Male) |
| 11:24 | Build | Farm |
| 11:29 | Build | Farm |
| 11:30 | Create | Villager (Male) |
| 11:37 | Build | House |
| 11:42 | Create | Villager (Male) |
| 11:43 | Create | Skirmisher |
| 12:05 | Build | Farm |
| 12:09 | Build | House |
| 12:15 | Create | Villager (Male) |
| 12:19 | Create | Archer |
| 12:25 | Create | Villager (Male) |
| 12:34 | Create | Villager (Male) |
| 12:36 | Build | House |
| 12:37 | Build | House |
| 12:38 | Create | Villager (Male) |
| 12:43 | Build | House |
| 12:43 | Build | House |
| 12:55 | Create | Skirmisher |
| 13:01 | Build | Farm |
| 13:12 | Create | Skirmisher |
| 13:29 | Build | Farm |
| 13:35 | Create | Villager (Male) |
| 13:37 | Create | Skirmisher |
| 13:49 | Build | Farm |
| 14:14 | Build | Blacksmith |
| 14:18 | Create | Archer |
| 14:27 | Build | Farm |
| 14:45 | Research | Wheelbarrow |
| 14:45 | Research | Wheelbarrow |
| 14:52 | Create | Archer |
| 14:58 | Build | Farm |
| 15:13 | Build | Farm |
| 15:21 | Create | Archer |
| 15:40 | Build | Farm |
| 15:44 | Create | Villager (Male) |
| 16:01 | Build | Lumber Camp |
| 16:08 | Build | House |
| 16:14 | Create | Archer |
| 16:23 | Create | Villager (Male) |
| 16:28 | Build | Farm |
| 16:48 | Create | Villager (Male) |
| 16:48 | Create | Archer |
| 17:03 | Research | Castle Age |
| 17:03 | Research | Castle Age |
| 17:06 | Build | Mining Camp |
| 17:13 | Create | Serjeant |
| 17:13 | Create | Serjeant |
| 17:35 | Research | Stone Mining |
| 17:42 | Create | Serjeant |
| 18:14 | Create | Serjeant |
| 18:17 | Build | Barracks |
| 18:23 | Create | Skirmisher |
| 18:29 | Research | Fletching |
| 18:45 | Research | Scale Mail Armor |
| 18:50 | Create | Skirmisher |
| 19:39 | Create | Villager (Male) |
| 19:43 | Age | Castle Age |
| 19:45 | Build | University |
| 20:01 | Research | Elite Skirmisher (upgrade) |
| 20:05 | Research | Bodkin Arrow |
| 20:05 | Create | Villager (Male) |
| 20:21 | Build | Farm |
| 20:29 | Research | Squires |
| 20:32 | Create | Villager (Male) |
| 20:57 | Create | Villager (Male) |
| 21:05 | Research | Ballistics |
| 21:09 | Create | Villager (Male) |
| 21:16 | Create | Villager (Male) |
| 21:31 | Create | Villager (Male) |
| 21:35 | Create | Villager (Male) |
| 21:38 | Create | Villager (Male) |
| 21:47 | Create | Serjeant |
| 22:21 | Create | Villager (Male) |
| 22:24 | Research | Arson |
| 22:32 | Create | Skirmisher |
| 22:35 | Create | Serjeant |
| 22:37 | Build | Farm |
| 22:40 | Build | Farm |
| 22:48 | Research | Chain Mail Armor |
| 22:59 | Create | Skirmisher |
| 23:08 | Create | Villager (Male) |
| 23:14 | Create | Villager (Male) |
| 23:16 | Build | Monastery |
| 23:19 | Create | Skirmisher |
| 23:27 | Create | Villager (Male) |
| 23:46 | Create | Skirmisher |
| 23:47 | Create | Serjeant |
| 23:49 | Build | Farm |
| 23:49 | Build | Farm |
| 23:50 | Build | Farm |
| 23:55 | Create | Monk |
| 23:58 | Create | Villager (Male) |
| 23:59 | Build | Donjon |
| 24:01 | Create | Skirmisher |
| 24:15 | Create | Villager (Male) |
Build order — TAG_Sitaux
First 150 of 1203 actions detected
| 0:00 | Create | Villager (Male) |
| 0:01 | Create | Villager (Male) |
| 0:01 | Build | House |
| 0:02 | Build | House |
| 0:06 | Create | Villager (Male) |
| 0:08 | Create | Villager (Male) |
| 1:29 | Create | Villager (Male) |
| 1:47 | Create | Villager (Male) |
| 1:48 | Create | Villager (Male) |
| 2:00 | Create | Villager (Male) |
| 2:00 | Create | Villager (Male) |
| 2:20 | Build | Lumber Camp |
| 2:33 | Create | Villager (Male) |
| 2:51 | Create | Villager (Male) |
| 3:13 | Build | Palisade Wall |
| 3:20 | Create | Villager (Male) |
| 3:24 | Build | House |
| 3:25 | Build | Palisade Wall |
| 3:26 | Build | Palisade Wall |
| 4:02 | Create | Villager (Male) |
| 4:05 | Create | Villager (Male) |
| 4:15 | Create | Villager (Male) |
| 4:16 | Create | Villager (Male) |
| 4:29 | Create | Villager (Male) |
| 4:29 | Create | Villager (Male) |
| 4:59 | Create | Villager (Male) |
| 5:03 | Build | Mill |
| 5:44 | Build | Palisade Wall |
| 5:45 | Build | Palisade Wall |
| 5:47 | Create | Villager (Male) |
| 5:58 | Build | Palisade Wall |
| 6:16 | Create | Villager (Male) |
| 6:16 | Research | Loom |
| 7:03 | Build | Palisade Wall |
| 7:09 | Research | Feudal Age |
| 7:09 | Research | Feudal Age |
| 8:00 | Build | Barracks |
| 8:24 | Create | Villager (Male) |
| 8:48 | Build | House |
| 9:19 | Age | Feudal Age |
| 9:23 | Build | Archery Range |
| 9:24 | Research | Double-Bit Axe |
| 9:24 | Research | Double-Bit Axe |
| 9:26 | Build | Archery Range |
| 9:27 | Create | Spearman |
| 9:30 | Create | Villager (Male) |
| 9:47 | Build | House |
| 9:53 | Create | Villager (Male) |
| 10:01 | Research | Horse Collar |
| 10:08 | Create | Villager (Male) |
| 10:20 | Create | Skirmisher |
| 10:22 | Build | House |
| 10:23 | Build | Palisade Wall |
| 10:26 | Create | Villager (Male) |
| 10:36 | Build | Farm |
| 10:52 | Create | Skirmisher |
| 10:54 | Create | Villager (Male) |
| 10:58 | Build | Farm |
| 11:09 | Build | Farm |
| 11:10 | Create | Villager (Male) |
| 11:15 | Create | Skirmisher |
| 11:26 | Build | Farm |
| 11:27 | Create | Villager (Male) |
| 11:38 | Build | House |
| 11:39 | Create | Villager (Male) |
| 11:49 | Create | Skirmisher |
| 12:15 | Create | Skirmisher |
| 12:19 | Create | Villager (Male) |
| 12:22 | Build | Farm |
| 12:24 | Build | Farm |
| 12:49 | Build | Farm |
| 12:50 | Build | Farm |
| 12:51 | Create | Villager (Male) |
| 13:16 | Create | Skirmisher |
| 13:17 | Create | Villager (Male) |
| 13:18 | Build | House |
| 13:34 | Build | Mining Camp |
| 13:52 | Build | Farm |
| 13:56 | Build | Farm |
| 14:06 | Build | Farm |
| 14:12 | Create | Villager (Male) |
| 14:33 | Build | Blacksmith |
| 14:35 | Build | Palisade Wall |
| 14:41 | Create | Villager (Male) |
| 14:54 | Build | House |
| 15:08 | Create | Villager (Male) |
| 15:14 | Build | House |
| 15:22 | Build | Lumber Camp |
| 15:34 | Create | Villager (Male) |
| 15:36 | Build | Farm |
| 16:08 | Research | Castle Age |
| 16:25 | Build | Farm |
| 16:27 | Build | Farm |
| 16:30 | Build | Farm |
| 16:32 | Build | Farm |
| 16:35 | Create | Skirmisher |
| 17:02 | Research | Gold Mining |
| 17:02 | Research | Gold Mining |
| 17:04 | Create | Skirmisher |
| 17:18 | Create | Skirmisher |
| 17:32 | Research | Fletching |
| 17:38 | Create | Skirmisher |
| 17:41 | Build | Archery Range |
| 18:00 | Research | Padded Archer Armor |
| 18:04 | Create | Skirmisher |
| 18:25 | Create | Skirmisher |
| 18:29 | Build | House |
| 18:48 | Age | Castle Age |
| 18:49 | Create | Skirmisher |
| 18:52 | Research | Elite Skirmisher (upgrade) |
| 18:52 | Research | Bodkin Arrow |
| 19:00 | Build | Town Center |
| 19:02 | Create | Villager (Male) |
| 19:05 | Build | Palisade Wall |
| 19:07 | Build | House |
| 19:09 | Build | Palisade Gate |
| 19:19 | Build | Lumber Camp |
| 19:19 | Create | Villager (Male) |
| 19:33 | Create | Unit 1952 |
| 19:39 | Create | Unit 1952 |
| 19:45 | Create | Villager (Male) |
| 19:51 | Create | Villager (Male) |
| 19:56 | Research | Wheelbarrow |
| 19:56 | Research | Wheelbarrow |
| 20:02 | Create | Unit 1952 |
| 20:09 | Create | Unit 1952 |
| 20:29 | Create | Unit 1952 |
| 20:37 | Create | Unit 1952 |
| 20:49 | Create | Villager (Male) |
| 20:54 | Research | Bow Saw |
| 21:01 | Create | Villager (Male) |
| 21:06 | Create | Villager (Male) |
| 21:09 | Create | Unit 1952 |
| 21:17 | Create | Villager (Male) |
| 21:23 | Create | Unit 1952 |
| 21:30 | Create | Unit 1952 |
| 21:31 | Create | Villager (Male) |
| 21:36 | Create | Unit 1952 |
| 21:55 | Create | Villager (Male) |
| 21:55 | Build | House |
| 21:56 | Build | House |
| 21:57 | Build | House |
| 22:16 | Create | Villager (Male) |
| 22:18 | Build | Stable |
| 22:21 | Create | Unit 1952 |
| 22:30 | Create | Villager (Male) |
| 22:33 | Create | Unit 1952 |
| 22:41 | Create | Villager (Male) |
| 22:42 | Build | Farm |
| 22:44 | Build | Farm |
Match timeline
| 3:13 | TAG_Sitaux · wall_segment Palisade Wall x1 |
| 3:25 | TAG_Sitaux · wall_segment Palisade Wall x1 |
| 3:26 | TAG_Sitaux · wall_segment Palisade Wall x4 |
| 5:44 | TAG_Sitaux · wall_segment Palisade Wall x3 |
| 5:45 | TAG_Sitaux · wall_segment Palisade Wall x7 |
| 5:58 | TAG_Sitaux · wall_segment Palisade Wall x1 |
| 7:03 | Oni.TheViper · first_building Donjon |
| 7:03 | TAG_Sitaux · wall_segment Palisade Wall x10 |
| 8:00 | TAG_Sitaux · first_building Barracks |
| 8:54 | Oni.TheViper · age_up feudal |
| 9:01 | Oni.TheViper · first_building Archery Range |
| 9:19 | TAG_Sitaux · age_up feudal |
| 9:23 | TAG_Sitaux · first_building Archery Range |
| 10:23 | TAG_Sitaux · wall_segment Palisade Wall x6 |
| 14:35 | TAG_Sitaux · wall_segment Palisade Wall x2 |
| 18:17 | Oni.TheViper · first_building Barracks |
| 18:48 | TAG_Sitaux · age_up castle |
| 19:05 | TAG_Sitaux · wall_segment Palisade Wall x2 |
| 19:43 | Oni.TheViper · age_up castle |
| 22:18 | TAG_Sitaux · first_building Stable |
| 23:16 | Oni.TheViper · first_building Monastery |
| 27:42 | TAG_Sitaux · first_building Castle |
| 31:54 | Oni.TheViper · first_market_sell 500 food |
| 31:55 | Oni.TheViper · first_market_buy 500 stone |
| 32:02 | Oni.TheViper · first_building Castle |
| 32:42 | TAG_Sitaux · first_building Siege Workshop |
| 32:58 | TAG_Sitaux · first_building Monastery |
| 34:24 | Oni.TheViper · wall_segment Stone Wall x1 |
| 34:26 | Oni.TheViper · wall_segment Stone Wall x1 |
| 34:27 | Oni.TheViper · wall_segment Stone Wall x1 |
| 34:31 | Oni.TheViper · wall_segment Stone Wall x1 |
| 34:32 | Oni.TheViper · wall_segment Stone Wall x1 |
| 35:34 | TAG_Sitaux · wall_segment Palisade Wall x1 |
| 36:19 | Oni.TheViper · first_building Stable |
| 38:32 | TAG_Sitaux · first_market_buy 100 food |
| 39:14 | Oni.TheViper · age_up imperial |
| 39:28 | TAG_Sitaux · age_up imperial |
| 40:00 | Oni.TheViper · wall_segment Stone Wall x1 |
| 40:00 | Oni.TheViper · wall_segment Stone Wall x1 |
| 40:01 | Oni.TheViper · wall_segment Stone Wall x1 |
| 41:06 | Oni.TheViper · wall_segment Stone Wall x1 |
| 41:09 | Oni.TheViper · wall_segment Stone Wall x1 |
| 42:03 | TAG_Sitaux · wall_segment Palisade Wall x1 |
| 45:43 | TAG_Sitaux · first_market_sell 100 wood |
| 53:39 | TAG_Sitaux · wall_segment Stone Wall x1 |
| 53:42 | TAG_Sitaux · wall_segment Stone Wall x1 |
| 66:28 | TAG_Sitaux · wall_segment Stone Wall x1 |
| 67:01 | Oni.TheViper · wall_segment Palisade Wall x1 |
| 68:00 | TAG_Sitaux · first_building Dock |
| 70:46 | Oni.TheViper · resign |
[ AI ANALYSIS · 1 CREDIT ]
What really happened in this match?
Wolo.gg analyzes every decision: build order, eco, micro, common mistakes by bracket. Personalized analysis on WhatsApp or Discord in 30 seconds.
Civ guide
Sicilians
Perfil
Jugador #196240